TOP OF THE 1ST |
Hartford Yard Goats batting - Pitching for South Bend Cubs : RHP Daniel Sullivan
|
Pitching: RHP Daniel Sullivan
|
|
Batting: SHB Eddie Quinones
|
0-0: Ball 1-0: Foul Ball, location: 2F 1-1: Called Strike 1-2: Foul Ball, location: 2F 1-2: Ball 2-2: Fly out, F7 (Line Drive, 7D, EV 97.5 MPH)
|
Batting: SHB Bobby Santor
|
0-0: Ball 1-0: Ball 2-0: Foul Ball, location: 2F 2-1: Swinging Strike 2-2: Ball 3-2: SINGLE (Line Drive, 5D, EV 102.5 MPH)
|
Batting: SHB Pete Perla
|
0-0: Called Strike 0-1: Foul Ball, location: 2F 0-2: Ball 1-2: Foul Ball, location: 2F 1-2: Strikes out swinging
|
Batting: LHB Jeremy Brammer
|
0-0: Ball 1-0: Called Strike 1-1: Ball 2-1: Called Strike 2-2: Ball 3-2: Fly out, F6 (Line Drive, 6, EV 70.6 MPH)
|
Top of the 1st over - 0 runs, 1 hit, 0 errors, 1 left on base; Hartford 0 - South Bend 0 |
BOTTOM OF THE 1ST |
South Bend Cubs batting - Pitching for Hartford Yard Goats : RHP Clay Redman
|
Pitching: RHP Clay Redman
|
|
Batting: LHB Andy Bordeaux
|
0-0: Reached on error, E6 (Groundball, 6, EV 86.9 MPH)
|
Batting: RHB Mike Savage
|
0-0: Ball 1-0: Swinging Strike 1-1: Called Strike 1-2: Strikes out swinging
|
Batting: LHB Mike DiNardo
|
0-0: Ball 1-0: Called Strike 1-1: Ground out 4-3 (Groundball, 4, EV 85.6 MPH) Andy Bordeaux to third
|
Batting: LHB Shuan-yan Wu
|
0-0: Ball 1-0: Called Strike 1-1: Ball 2-1: Ball 3-1: Foul Ball, location: 2F 3-2: Strikes out swinging
|
Bottom of the 1st over - 0 runs, 0 hits, 1 error, 1 left on base; Hartford 0 - South Bend 0 |
TOP OF THE 2ND |
Hartford Yard Goats batting - Pitching for South Bend Cubs : RHP Daniel Sullivan
|
Batting: RHB Kian-tat Chen
|
0-0: Ball 1-0: Ball 2-0: Called Strike 2-1: Ball 3-1: Fly out, F8 (Flyball, 8RS, EV 90.6 MPH)
|
Pitching: LHP Jose Carrillo
|
|
Batting: RHB Justin Williams
|
0-0: DOUBLE (Flyball, 89D, EV 91.9 MPH)
|
Batting: RHB Eric Garrett
|
0-0: Ball 1-0: Ground out 6-3 (Groundball, 6S, EV 62.5 MPH) Justin Williams to third
|
Batting: RHB Randy Breitbart
|
0-0: Ball Wild Pitch! Justin Williams scores 1-0: Called Strike 1-1: SOLO HOME RUN (Flyball, 9D, EV 103.8 MPH), Distance : 394 ft
|
Batting: LHB Mick Knopp
|
0-0: Ball 1-0: Ball 2-0: Ball 3-0: Base on Balls
|
Batting: SHB Eddie Quinones
|
0-0: Called Strike 0-1: Ball 1-1: Ball 2-1: Ball 3-1: Called Strike 3-2: Strikes out swinging
|
Top of the 2nd over - 2 runs, 2 hits, 0 errors, 1 left on base; Hartford 2 - South Bend 0 |
BOTTOM OF THE 2ND |
South Bend Cubs batting - Pitching for Hartford Yard Goats : RHP Clay Redman
|
Batting: SHB Benoît Morin
|
0-0: Foul Ball, location: 2F 0-1: Called Strike 0-2: Strikes out swinging
|
Batting: LHB Jim Polson
|
0-0: Ball 1-0: Called Strike 1-1: Called Strike 1-2: Ball 2-2: Strikes out swinging
|
Batting: RHB Omar Novoa
|
0-0: Ball 1-0: Called Strike 1-1: Foul Ball, location: 2F 1-2: Ball 2-2: Fly out, F7 (Line Drive, 7, EV 95.0 MPH)
|
Bottom of the 2nd over - 0 runs, 0 hits, 0 errors, 0 left on base; Hartford 2 - South Bend 0 |
TOP OF THE 3RD |
Hartford Yard Goats batting - Pitching for South Bend Cubs : LHP Jose Carrillo
|
Batting: SHB Bobby Santor
|
0-0: Foul Ball, location: 2F 0-1: Ball 1-1: SINGLE (Groundball, 56D, EV 101.9 MPH)
|
Pitching: RHP Josh Deyo
|
|
Batting: SHB Pete Perla
|
0-0: Swinging Strike 0-1: Swinging Strike 0-2: Strikes out swinging
|
Batting: LHB Jeremy Brammer
|
0-0: Ball 1-0: Called Strike 1-1: Ball 2-1: Called Strike 2-2: Foul Ball, location: 2F 2-2: SINGLE (Line Drive, 5D, EV 94.4 MPH) Bobby Santor to second
|
Batting: RHB Kian-tat Chen
|
0-0: Foul Ball, location: 2F 0-1: Foul Ball, location: 2F 0-2: Ball 1-2: Strikes out swinging
|
Batting: RHB Justin Williams
|
0-0: Ball 1-0: Called Strike 1-1: Foul Ball, location: 2F 1-2: Strikes out swinging
|
Top of the 3rd over - 0 runs, 2 hits, 0 errors, 2 left on base; Hartford 2 - South Bend 0 |
BOTTOM OF THE 3RD |
South Bend Cubs batting - Pitching for Hartford Yard Goats : RHP Clay Redman
|
Batting: RHB John Madden
|
0-0: Ball 1-0: Ball 2-0: Fly out, F7 (Flyball, 78D, EV 86.2 MPH)
|
Batting: SHB Alvaro Andrade
|
0-0: Ball 1-0: Ball 2-0: Ball 3-0: Called Strike 3-1: Base on Balls
|
Batting: LHB Andy Bordeaux
|
0-0: Called Strike 0-1: Called Strike 0-2: Ball 1-2: Foul Ball, location: 2F 1-2: Fielders Choice at 2nd, 3-6 (Groundball, 34, EV 108.1 MPH)
|
Batting: RHB Mike Savage
|
0-0: Ball 1-0: Ground out 4-3 (Groundball, 4, EV 86.9 MPH)
|
Bottom of the 3rd over - 0 runs, 0 hits, 0 errors, 1 left on base; Hartford 2 - South Bend 0 |
TOP OF THE 4TH |
Hartford Yard Goats batting - Pitching for South Bend Cubs : RHP Josh Deyo
|
Batting: RHB Eric Garrett
|
0-0: Ball 1-0: Called Strike 1-1: Ball 2-1: Ball 3-1: Foul Ball, location: 2F 3-2: Base on Balls
|
Pitching: RHP Eric Allen
|
|
Batting: RHB Randy Breitbart
|
0-0: Fly out, F8 (Line Drive, 8LM, EV 91.9 MPH)
|
Batting: LHB Mick Knopp
|
0-0: Called Strike 0-1: Ball 1-1: Ball 2-1: Ball 3-1: Called Strike 3-2: DOUBLE (Flyball, 8RXD, EV 102.5 MPH) Eric Garrett to third Runner from 3rd tries for Home, SAFE, no throw by CF
|
Batting: SHB Eddie Quinones
|
0-0: Swinging Strike 0-1: Ball 1-1: Ball 2-1: Fly out, F9 (Flyball, 89S, EV 95.0 MPH)
|
Batting: SHB Bobby Santor
|
0-0: Ball 1-0: Ball 2-0: Called Strike 2-1: Ball 3-1: Base on Balls
|
Batting: SHB Pete Perla
|
0-0: Swinging Strike 0-1: Fly out, F9 (Flyball, 9LS, EV 99.4 MPH)
|
Top of the 4th over - 1 run, 1 hit, 0 errors, 2 left on base; Hartford 3 - South Bend 0 |
BOTTOM OF THE 4TH |
South Bend Cubs batting - Pitching for Hartford Yard Goats : RHP Clay Redman
|
Batting: LHB Mike DiNardo
|
0-0: Ball 1-0: Foul Ball, location: 2F 1-1: Foul Ball, location: 2F 1-2: Strikes out looking
|
Batting: LHB Shuan-yan Wu
|
0-0: SOLO HOME RUN (Flyball, 9LD, EV 95.0 MPH), Distance : 360 ft
|
Batting: SHB Benoît Morin
|
0-0: Ball 1-0: Fly out, F5 (Popup, 25F, EV 83.1 MPH)
|
Batting: LHB Jim Polson
|
0-0: Swinging Strike 0-1: Ball 1-1: Ball 2-1: Called Strike 2-2: Foul Ball, location: 2F 2-2: Strikes out looking
|
Bottom of the 4th over - 1 run, 1 hit, 0 errors, 0 left on base; Hartford 3 - South Bend 1 |
TOP OF THE 5TH |
Hartford Yard Goats batting - Pitching for South Bend Cubs : RHP Eric Allen
|
Pitching: RHP Jean-Paul Lefebvre
|
|
Batting: LHB Jeremy Brammer
|
0-0: Ball 1-0: Foul Ball, location: 2F 1-1: Ball 2-1: Called Strike 2-2: Foul Ball, location: 2F 2-2: Foul Ball, location: 2F 2-2: Foul Ball, location: 2F 2-2: SOLO HOME RUN (Flyball, 9D, EV 101.2 MPH), Distance : 403 ft
|
Batting: RHB Kian-tat Chen
|
0-0: Called Strike 0-1: Ball 1-1: Ball 2-1: Ball 3-1: Base on Balls
|
Batting: RHB Justin Williams
|
0-0: Called Strike Kian-tat Chen steals 2nd base 0-1: Ball 1-1: Ball 2-1: Foul Ball, location: 2F 2-2: Ball 3-2: Fly out, F8 (Flyball, 8RD, EV 91.9 MPH)
|
Pitching: RHP Jason Scott
|
|
Batting: RHB Eric Garrett
|
0-0: Foul Ball, location: 2F 0-1: Ball 1-1: Foul Ball, location: 2F 1-2: Foul Ball, location: 2F 1-2: Ball 2-2: Reached on error, E7 (Flyball, 78M, EV 86.9 MPH) Kian-tat Chen to third
|
Batting: RHB Randy Breitbart
|
0-0: Grounds into double play, 6-4-3 (Groundball, 6, EV 98.1 MPH)
|
Top of the 5th over - 1 run, 1 hit, 1 error, 1 left on base; Hartford 4 - South Bend 1 |
BOTTOM OF THE 5TH |
South Bend Cubs batting - Pitching for Hartford Yard Goats : RHP Clay Redman
|
Batting: RHB Omar Novoa
|
0-0: Called Strike 0-1: Ball 1-1: Ball 2-1: Ball 3-1: Called Strike 3-2: Base on Balls
|
Batting: RHB John Madden
|
0-0: Ball 1-0: Ball 2-0: Foul Ball, location: 2F 2-1: Foul Ball, location: 2F 2-2: Fly out, F8 (Flyball, 8LM, EV 83.8 MPH)
|
Batting: SHB Alvaro Andrade
|
0-0: Ball Omar Novoa is caught stealing 2nd base 2-6 1-0: Foul Ball, location: 2F 1-1: Ball 2-1: Ball 3-1: Foul Ball, location: 2F 3-2: Strikes out looking
|
Bottom of the 5th over - 0 runs, 0 hits, 0 errors, 0 left on base; Hartford 4 - South Bend 1 |
TOP OF THE 6TH |
Hartford Yard Goats batting - Pitching for South Bend Cubs : RHP Jason Scott
|
Batting: LHB Mick Knopp
|
0-0: Ball 1-0: Called Strike 1-1: Foul Ball, location: 2F 1-2: Foul Ball, location: 2F 1-2: Hit by Pitch
|
Batting: SHB Eddie Quinones
|
0-0: Ball Passed Ball! Mick Knopp to second 1-0: Ball 2-0: Ground out 4-3 (Groundball, 34, EV 106.9 MPH) Mick Knopp to third
|
Batting: SHB Bobby Santor
|
0-0: Ball 1-0: Ground out 6-3 (Groundball, 6, EV 86.9 MPH)
|
Batting: SHB Pete Perla
|
0-0: Called Strike 0-1: Foul Ball, location: 2F 0-2: Strikes out looking
|
Top of the 6th over - 0 runs, 0 hits, 0 errors, 1 left on base; Hartford 4 - South Bend 1 |
BOTTOM OF THE 6TH |
South Bend Cubs batting - Pitching for Hartford Yard Goats : RHP Clay Redman
|
Batting: LHB Andy Bordeaux
|
0-0: Foul Ball, location: 2F 0-1: Swinging Strike 0-2: Strikes out swinging
|
Batting: RHB Mike Savage
|
0-0: Foul Ball, location: 2F 0-1: Called Strike 0-2: Ball 1-2: Ball 2-2: Ball 3-2: SINGLE (Groundball, 6M, EV 94.4 MPH)
|
Batting: LHB Mike DiNardo
|
0-0: Ball 1-0: Ball 2-0: Ball Mike Savage is caught stealing 2nd base 2-6 3-0: Called Strike 3-1: Foul Ball, location: 2F 3-2: Ground out 4-3 (Groundball, 4, EV 101.9 MPH)
|
Bottom of the 6th over - 0 runs, 1 hit, 0 errors, 0 left on base; Hartford 4 - South Bend 1 |
TOP OF THE 7TH |
Hartford Yard Goats batting - Pitching for South Bend Cubs : RHP Jason Scott
|
Pitching: LHP Andres Lobato
|
|
Batting: LHB Jeremy Brammer
|
0-0: Foul Ball, location: 2F 0-1: Called Strike 0-2: Ball 1-2: Strikes out swinging
|
Batting: RHB Kian-tat Chen
|
0-0: Swinging Strike 0-1: Ball 1-1: Ball 2-1: Ball 3-1: Fly out, F8 (Flyball, 8RXD, EV 109.4 MPH)
|
Batting: RHB Justin Williams
|
0-0: Called Strike 0-1: Foul Ball, location: 2F 0-2: Ball 1-2: Ball 2-2: Foul Ball, location: 2F 2-2: Foul Ball, location: 2F 2-2: Foul Ball, location: 2F 2-2: Ground out 6-3 (Groundball, 6MS, EV 82.5 MPH)
|
Top of the 7th over - 0 runs, 0 hits, 0 errors, 0 left on base; Hartford 4 - South Bend 1 |
BOTTOM OF THE 7TH |
South Bend Cubs batting - Pitching for Hartford Yard Goats : RHP Clay Redman
|
Pitching: LHP Ryan Morlan
|
|
Batting: LHB Shuan-yan Wu
|
0-0: Fly out, F5 (Popup, 5SF, EV 81.2 MPH)
|
Batting: SHB Benoît Morin
|
0-0: Ball 1-0: Foul Ball, location: 2F 1-1: Ball 2-1: Ball 3-1: Base on Balls
|
Batting: LHB Jim Polson
|
0-0: Ball 1-0: Foul Ball, location: 2F 1-1: Ball 2-1: Swinging Strike 2-2: Fly out, F9 (Flyball, 89S, EV 85.0 MPH)
|
Batting: RHB Omar Novoa
|
0-0: Ball 1-0: Called Strike 1-1: Ground out 1-3 (Groundball, 15S, EV 72.5 MPH)
|
Bottom of the 7th over - 0 runs, 0 hits, 0 errors, 1 left on base; Hartford 4 - South Bend 1 |
TOP OF THE 8TH |
Hartford Yard Goats batting - Pitching for South Bend Cubs : LHP Andres Lobato
|
Batting: RHB Eric Garrett
|
0-0: Called Strike 0-1: Ball 1-1: Ball 2-1: Foul Ball, location: 2F 2-2: Ball 3-2: SINGLE (Groundball, 4M, EV 86.2 MPH) (infield hit)
|
Batting: RHB Randy Breitbart
|
0-0: Grounds into double play, 6-4-3 (Groundball, 6, EV 105.0 MPH)
|
Batting: LHB Mick Knopp
|
0-0: Ground out 5-3 (Groundball, 5L, EV 100.6 MPH)
|
Top of the 8th over - 0 runs, 1 hit, 0 errors, 0 left on base; Hartford 4 - South Bend 1 |
BOTTOM OF THE 8TH |
South Bend Cubs batting - Pitching for Hartford Yard Goats : LHP Ryan Morlan
|
Pitching: RHP Travis Porter
|
|
Batting: RHB John Madden
|
0-0: Ball 1-0: Ball 2-0: Swinging Strike 2-1: Ball 3-1: Foul Ball, location: 2F 3-2: Strikes out looking
|
Batting: SHB Alvaro Andrade
|
0-0: Called Strike 0-1: Foul Ball, location: 2F 0-2: Foul Ball, location: 2F 0-2: Strikes out swinging
|
Batting: LHB Andy Bordeaux
|
0-0: Ball 1-0: Ball 2-0: Foul Ball, location: 2F 2-1: Ball 3-1: Base on Balls
|
Batting: RHB Mike Savage
|
0-0: Ball 1-0: Swinging Strike 1-1: Ball 2-1: Foul Ball, location: 2F 2-2: Ball 3-2: Foul Ball, location: 2F 3-2: Base on Balls Andy Bordeaux to second
|
Batting: LHB Mike DiNardo
|
0-0: Called Strike 0-1: Swinging Strike 0-2: Ball 1-2: Ball 2-2: Ball 3-2: Base on Balls Andy Bordeaux to third Mike Savage to second
|
Batting: LHB Shuan-yan Wu
|
0-0: Ball 1-0: Foul Ball, location: 2F 1-1: Foul Ball, location: 2F 1-2: Ball 2-2: Ball 3-2: Fly out, F7 (Flyball, 7, EV 88.8 MPH)
|
Bottom of the 8th over - 0 runs, 0 hits, 0 errors, 3 left on base; Hartford 4 - South Bend 1 |
TOP OF THE 9TH |
Hartford Yard Goats batting - Pitching for South Bend Cubs : LHP Andres Lobato
|
Batting: SHB Eddie Quinones
|
0-0: Swinging Strike 0-1: Ball 1-1: Ball 2-1: Foul Ball, location: 2F 2-2: Ball 3-2: Base on Balls
|
Batting: SHB Bobby Santor
|
0-0: Bunt missed! 0-1: Ball 1-1: Sac Bunt to 13S - play at first, batter OUT! 1-4 Eddie Quinones to second
|
Batting: SHB Pete Perla
|
0-0: Ball 1-0: SINGLE (Flyball, 34D, EV 95.0 MPH) Eddie Quinones to third
|
Batting: LHB Jeremy Brammer
|
0-0: Called Strike 0-1: Fielders Choice at 2nd, 6-4 (Groundball, 6D, EV 98.8 MPH) Eddie Quinones scores
|
Batting: RHB Kian-tat Chen
|
0-0: Ball Jeremy Brammer is caught stealing 2nd base 2-4
|
Top of the 9th over - 1 run, 1 hit, 0 errors, 0 left on base; Hartford 5 - South Bend 1 |
BOTTOM OF THE 9TH |
South Bend Cubs batting - Pitching for Hartford Yard Goats : RHP Travis Porter
|
Pitching: RHP Nate Dallman
|
|
Batting: SHB Benoît Morin
|
0-0: Foul Ball, location: 2F 0-1: SINGLE (Groundball, 6MD, EV 96.9 MPH)
|
Batting: LHB Jim Polson
|
0-0: Swinging Strike 0-1: Foul Ball, location: 2F 0-2: Ball 1-2: Ball 2-2: Strikes out looking
|
Batting: RHB Omar Novoa
|
0-0: Called Strike 0-1: SINGLE (Flyball, 8RS, EV 88.8 MPH) Benoît Morin to second
|
Pitching: LHP Greg Burngooch
|
|
Batting: RHB John Madden
|
0-0: Ball 1-0: Ball 2-0: Called Strike 2-1: Foul Ball, location: 2F 2-2: Fly out, F8 (Flyball, 8RXD, EV 99.4 MPH) Runner from 2nd tags up, SAFE at 3rd, no throw by CF
|
Batting: SHB Alvaro Andrade
|
0-0: Ball 1-0: Fielders Choice at 2nd, 5-4 (Groundball, 5, EV 82.5 MPH)
|
Bottom of the 9th over - 0 runs, 2 hits, 0 errors, 2 left on base; Hartford 5 - South Bend 1 |
|